 Dungeon Crawl Stone Soup version 0.28-a0-1638-g9123634e07 (webtiles) character file.

Game seed: 4915282627769712078

315 Edwards80 the Poker (level 6, -4/51 HPs)
             Began as a Minotaur Berserker on Jan 25, 2022.
             Was a Priest of Trog.
             Slain by a gnoll (14 damage)
             ... on level 4 of the Dungeon.
             The game lasted 00:10:23 (4181 turns).

Edwards80 the Poker (Minotaur Berserker)            Turns: 4181, Time: 00:10:23

Health: -4/51      AC:  6    Str: 24    XL:     6   Next: 19%
Magic:  5/5        EV: 11    Int:  4    God:    Trog [***...]
Gold:   130        SH:  0    Dex:  9    Spells: 5/5 levels left

rFire   . . .      SeeInvis .   a - +7 spear "Gostratiatt" {holy, rPois}
rCold   . . .      Faith    .   (no shield)
rNeg    . . .      Spirit   .   c - +1 ring mail
rPois   +          Reflect  .   (helmet restricted)
rElec   .          Harm     .   (no cloak)
rCorr   .          Rampage  .   (no gloves)
Will    .....                   (no boots)
Stlth   ..........              (no amulet)
HPRegen 0.17/turn               (no ring)
MPRegen 0.09/turn               (no ring)

@: no status effects
A: horns 2, retaliatory headbutt
a: Renounce Religion, Berserk, Trog's Hand


You were on level 4 of the Dungeon.
You worshipped Trog.
Trog was most pleased with you.
You visited 1 branch of the dungeon, and saw 4 of its levels.
You also visited: Sewer.

You collected 130 gold pieces.

Inventory:

Hand Weapons
 a - the +7 spear "Gostratiatt" (weapon) {holy, rPois}
   (You found it on level 2 of the Dungeon)

   It has been blessed by the Shining One to cause great damage to the undead
   and demons.
   rPois:     It protects you from poison.
 l - a +4 short sword
Armour
 c - a +1 ring mail (worn)
Jewellery
 e - a ring of willpower
Wands
 j - a wand of flame (20)
Scrolls
 d - a scroll of immolation
 f - a scroll of holy word
 g - 3 scrolls of noise {unknown}
Potions
 b - 2 potions of curing
 h - a potion of flight
 i - a potion of brilliance
 k - a potion of heal wounds {unknown}
 o - a potion of resistance {unknown}
 p - a potion of cancellation {unknown}


   Skills:
 - Level 3.6 Fighting
 - Level 1.8(3.3) Short Blades
 - Level 4.9(5.1) Long Blades
 + Level 6.2 Polearms
 - Level 2.4 Armour
 - Level 2.1 Dodging


You had 5 spell levels left.
You didn't know any spells.
Your spell library was empty.

Dungeon Overview and Level Annotations

Branches:
Dungeon (4/15)              Sewer (visited)
 Temple: D:4-7

Altars:
Elyvilon

Annotations:
D:4 1 transporter


Innate Abilities, Weirdness & Mutations

You have a pair of horns on your head.
You reflexively headbutt those who attack you in melee.


Message History

The gnoll is almost dead.
You hit the gnoll.
You kill the gnoll!
Trog accepts your kill. The gnoll barely misses you.
You puncture the gnoll!
The gnoll is severely wounded.
The gnoll misses you.
The gnoll hits you from afar with a +0 halberd!
The gnoll shaman calls upon its god to heal the gnoll.
The gnoll is healed somewhat.
You hit the gnoll.
The gnoll is moderately wounded.
The gnoll hits you with a +0 club. The gnoll completely misses you.
You hit the gnoll.
The gnoll is severely wounded.
A gnoll comes into view. It is wielding a +0 halberd.
The gnoll hits you with a +0 club.
You hit the gnoll. Your headbutt misses the gnoll.
The gnoll is almost dead.
The gnoll barely misses you. x2
A quokka comes into view.
You puncture the gnoll shaman!
The gnoll shaman is moderately wounded.
The gnoll barely misses you.
The gnoll hits you from afar with a +0 halberd!
You are too injured to fight recklessly!
You barely miss the gnoll shaman.
The gnoll shaman is moderately wounded.
The gnoll hits you from afar with a +0 halberd.
The gnoll shaman hits you with a +0 whip.
The gnoll hits you from afar with a +0 halberd!
* * * LOW HITPOINT WARNING * * *
You closely miss the gnoll shaman.
The gnoll shaman is moderately wounded.
The gnoll misses you.
The gnoll shaman calls upon its god to speed up the gnoll.
The gnoll seems to speed up.
The gnoll hits you from afar with a +0 halberd!
You die...

......##.##.....# #.....#.#P.P#
.#>.####.####.#####.≈≈.##.##.##
............#.####..≈≈.#g.#P.P#
.#.................)≈≈.##.#⌠.⌠#
.#.##..#..#.#.####..≈≈(.#g#P.P#
...##.....#.#.####..≈≈###.##+##
.#.###.#.##.#.#.....≈≈#gg... .
.........##.#.#.##..≈≈##.###g#
####............@gg.≈≈#..# #
#...#####.##.##gr≈≈#### #...#
#. #g #..≈≈≈≈≈≈≈ #...#
#...g.≈≈≈≈≈≈≈≈ #...#
###......... ####.(.#####
.....#.... ............
....#.#..<. ............
##...#.. ... ............
#...###. ..


You could see a gnoll shaman, 3 gnolls and a quokka.

Vanquished Creatures
  A hound (D:3)
  An orc priest (D:4)
  An orc wizard (D:4)
  A hound skeleton (D:4)
  10 adders
  A gnoll (D:4)
  A river rat (Sewer)
  An ufetubus (D:3)
  An adder skeleton (D:4)
  A worm (D:2)
  5 orcs
  7 bats
  5 endoplasms
  4 giant cockroaches
  11 goblins
  5 hobgoblins
  7 jackals
  10 kobolds
  4 quokkas
  9 ball pythons
  4 frilled lizards
  7 rats
97 creatures vanquished.

Vanquished Creatures (others)
  13 plants (Sewer)
13 creatures vanquished.

Grand Total: 110 creatures vanquished

Notes
Turn   | Place    | Note
-------+----------+-------------------------------------------
     0 | D:1      | Edwards80 the Minotaur Berserker began the quest for the
                  | Orb.
     0 | D:1      | Reached XP level 1. HP: 19/19 MP: 0/0
    25 | D:1      | Found a faded altar of an unknown god.
    91 | D:1      | Reached skill level 1 in Short Blades
   322 | D:1      | Reached XP level 2. HP: 26/26 MP: 1/1
   842 | D:2      | Reached XP level 3. HP: 13/31 MP: 2/2
  1258 | D:2      | Identified the +7 spear "Gostratiatt" {holy, rPois}
  1678 | D:2      | Reached ** piety under Trog
  1679 | D:2      | Reached skill level 1 in Polearms
  1894 | D:3      | Reached skill level 2 in Polearms
  1894 | D:3      | Reached XP level 4. HP: 39/39 MP: 3/3
  2078 | D:3      | Found a white marble altar of Elyvilon.
  2176 | D:3      | Reached skill level 3 in Polearms
  2354 | D:3      | Reached skill level 4 in Polearms
  2354 | D:3      | Reached XP level 5. HP: 45/45 MP: 4/4
  2774 | D:4      | Found a glowing drain.
  2790 | Sewer    | Entered a sewer
  2977 | Sewer    | Reached *** piety under Trog
  3125 | Sewer    | Reached skill level 5 in Polearms
  3795 | D:4      | Reached XP level 6. HP: 22/51 MP: 5/5
  4012 | D:4      | Reached skill level 6 in Polearms
  4127 | D:4      | Found a transporter.
  4128 | D:4      | Identified the +5 trident of Fam Udewk {vamp, Int+4 Dex+4}
  4128 | D:4      | Identified the +0 kite shield of the Land of Plenty {rC++
                  | Int+4 Dex+4}
  4181 | D:4      | Slain by a gnoll

Illustrated notes

Levels and vault maps discovered:
D:1:      ncdulo_halloftheorcs, layout_basic, chequers_ecumenical_altar_simple
D:2:      layout_basic, kennysheep_cluttered_room
D:3:      minmay_recursive_quarters, layout_loops_ring,
          mainiacjoe_overflow_cross_hatched, grunt_decor_junction
D:4:      layout_loops_cross, gammafunk_ghost_gnarly_gnolls,
          cheibrodos_sewer_entry_drain, serial_bayou_crossing

Skill      XL: |  1  2  3  4  5  6 |
---------------+-------------------+-----
Short Blades   | 1 |  1.8
Long Blades    | 4 |  4.9
Polearms       | 2 4 5 6 |  6.2
Fighting       | |  3.6
Armour         | |  2.4
Dodging        | |  2.1

Action                   |  1- 3 |  4- 6 || total
-------------------------+-------+-------++-------
Melee: Falchion          |    64 |       ||    64
       Headbutt          |     7 |     7 ||    14
       Spear             |    11 |   140 ||   151
       Punch             |       |     1 ||     1
Evoke: Wand              |     1 |       ||     1
  Use: Scroll            |     2 |     7 ||     9
Armor: Ring mail         |    28 |    39 ||    67
       Animal skin       |     1 |       ||     1
Dodge: Dodged            |    46 |    66 ||   112

Table legend: (Time is in decaauts)
 A = Elapsed time spent in this place.
 B = Non-inter-level travel time spent in this place.
 C = Inter-level travel time spent in this place.
 D = Time resting spent in this place.
 E = Time spent auto-exploring this place.
 F = Levels seen in this place.
 G = Mean time per level.
                   A        B        C        D        E       F      G
               +--------+--------+--------+--------+--------+-----+--------+
         Total |   4352 |   4283 |     69 |      2 |   3628 |   5 |  870.4 |
       Dungeon |   3204 |   3135 |     69 |      2 |   2654 |   4 |  801.0 |
         Sewer |   1147 |   1147 |      0 |      0 |    974 |   1 | 1147.0 |
               +--------+--------+--------+--------+--------+-----+--------+

Top non-repeatable levels by time:
   Sewer: 1147 daAuts
     D:2: 1088 daAuts
     D:3: 852 daAuts
     D:1: 750 daAuts
     D:4: 512 daAuts
